 Dungeon Crawl Stone Soup version 0.28-a0-938-gbc3f381ebc (webtiles) character file.

Game seed: 4854176936119626026

388992 Decritt the Slayer (level 22, -13/214 HPs)
             Began as a Minotaur Fighter on Nov 28, 2021.
             Was an Initiate of Gozag.
             Killed from afar by an ice dragon (48 damage)
             ... with a blast of cold
             ... on level 4 of the Depths.
             The game lasted 03:05:32 (54883 turns).

Decritt the Slayer (Minotaur Fighter)              Turns: 54883, Time: 03:05:32

Health: -13/214    AC: 55    Str: 33    XL:     22   Next: 5%
Magic:  30/30      EV: 23    Int:  7    God:    Gozag
Gold:   11149      SH: 33    Dex: 24    Spells: 21/21 levels left

rFire   + . .      SeeInvis .   O - +9 war axe "Worhiol" {vorpal, rC+ MP+9 Dex+4}
rCold   x . .      Faith    .   h - +4 tower shield
rNeg    . . .      Spirit   .   S - +15 crystal plate armour of the Dwarven Hall {Str+3}
rPois   +          Reflect  +   v - +1 hat of the Learner {Rampage Regen+ Int+2}
rElec   +          Harm     .   R - +2 cloak {rPois}
rCorr   .          Rampage  +   L - +0 pair of gloves "Nuph" {rElec}
Will    +....                   f - +4 pair of boots "Ypsatwock" {rC- Dex+6 Slay+3}
Stlth   ..........              D - amulet of reflection
HPRegen 1.25/turn               m - +4 ring of evasion
MPRegen 0.22/turn               U - ring of Meixtuh {Fire Str+3}

@: flayed, gold aura, studying Axes, very slow
A: horns 2, retaliatory headbutt
}: 2/15 runes: barnacled, gossamer
a: Renounce Religion, Potion Petition, Call Merchant, Bribe Branch


You were on level 4 of the Depths.
You worshipped Gozag.
Gozag was extremely pleased with you.
You visited 8 branches of the dungeon, and saw 38 of its levels.
You visited the Abyss 2 times.
You also visited: Sewer, Bailey, Gauntlet, Ice Cave and Volcano.

You collected 18857 gold pieces.
You spent 6477 gold pieces at shops.
You paid 1231 gold pieces to Gozag.

Inventory:

Hand Weapons
 O - the +9 war axe "Worhiol" (weapon) {vorpal, rC+ MP+9 Dex+4}
   (You bought it in a shop on level 5 of the Lair of Beasts)

   It inflicts extra damage upon your enemies.
   Dex:       It affects your dexterity (+4).
   rC:        It protects you from cold.
   MP:        It affects your magic capacity (+9).
Missiles
 d - 57 boomerangs (quivered)
 s - 4 silver javelins
 y - 28 javelins
Armour
 f - the +4 pair of boots "Ypsatwock" (worn) {rC- Dex+6 Slay+3}
   (You found it on level 2 of the Spider Nest)

   Dex:       It affects your dexterity (+6).
   Slay:      It affects your accuracy & damage with ranged weapons and melee
   (+3).
   rC:        It makes you vulnerable to cold.
 h - a +4 tower shield (worn)
 v - the +1 hat of the Learner (worn) {Rampage Regen+ Int+2}
   (You bought it in a shop on level 3 of the Depths)

   Int:       It affects your intelligence (+2).
   Regen:     It increases your rate of health regeneration.
   Rampage:   It bestows one free step when moving towards enemies.
 L - the +0 pair of gloves "Nuph" (worn) {rElec}
   (You found it on level 3 of the Elven Halls)

   rElec:     It insulates you from electricity.
 R - a +2 cloak of poison resistance (worn)
 S - the +15 crystal plate armour of the Dwarven Hall (worn) {Str+3}
   (You bought it in a shop on level 5 of the Lair of Beasts)

   Str:       It affects your strength (+3).
Jewellery
 g - a ring of fire
 m - a +4 ring of evasion (left hand)
 D - an amulet of reflection (around neck)
 J - a ring of ice
 K - an amulet of regeneration
 M - a ring of see invisible
 U - the ring of Meixtuh (right hand) {Fire Str+3}
   (You bought it in a shop on level 2 of the Elven Halls)

   [ring of fire]

   It enhances your fire magic.
   Str:       It affects your strength (+3).
   rF:        It protects you from fire.
   rC:        It makes you vulnerable to cold.
Wands
 w - a wand of digging (15)
 z - a wand of flame (12)
 H - a wand of polymorph (30)
 W - a wand of charming (16)
Scrolls
 c - 3 scrolls of fog
 j - 13 scrolls of teleportation
 k - 6 scrolls of blinking
 l - 3 scrolls of torment
 n - 11 scrolls of magic mapping
 o - 2 scrolls of immolation
 p - a scroll of holy word
 r - 9 scrolls of identify
 B - 4 scrolls of fear
 C - 2 scrolls of summoning
 N - a scroll of vulnerability
Potions
 a - 3 potions of heal wounds
 b - a potion of berserk rage
 i - 18 potions of curing
 q - 5 potions of mutation
 t - 3 potions of resistance
 u - 2 potions of ambrosia
 x - 6 potions of haste
 A - 2 potions of cancellation
 F - 2 potions of flight
 G - 5 potions of attraction
 Q - 3 potions of might
Miscellaneous
 e - a piece from Xom's chessboard (15/15)
 I - a box of beasts
 X - a tin of tremorstones (2/2)
 Y - a condenser vane


   Skills:
 * Level 21.6 Fighting
 + Level 18.7 Axes
 - Level 10.0 Throwing
 * Level 21.0 Armour
 * Level 17.6 Dodging
 * Level 21.0 Shields
 - Level 12.0 Evocations


You had 21 spell levels left.
You didn't know any spells.
Your spell library contained the following spells:

 Spells                   Type           Power      Damage    Failure   Level
 Apportation              Tloc           0%         N/A       99%         1
 Beastly Appendage        Tmut           0%         N/A       99%         1
 Freeze                   Ice            0%         1d3       99%         1
 Magic Dart               Conj           0%         1d3       99%         1
 Sandblast                Erth           0%         2d4       99%         1
 Shock                    Conj/Air       0%         1d3       99%         1
 Sting                    Tmut/Pois      0%         1d3       99%         1
 Summon Small Mammal      Summ           0%         N/A       99%         1
 Call Imp                 Summ           0%         N/A       100%        2
 Corpse Rot               Necr/Air       0%         N/A       100%        2
 Ensorcelled Hibernation  Hex/Ice        0%         N/A       100%        2
 Passwall                 Tmut/Erth      0%         N/A       100%        2
 Poisonous Vapours        Pois/Air       0%         N/A       100%        2
 Scorch                   Fire           0%         2d5       100%        2
 Searing Ray              Conj           0%         2d4       100%        2
 Sublimation of Blood     Necr           0%         N/A       100%        2
 Wereblood                Tmut           0%         N/A       100%        2
 Call Canine Familiar     Summ           0%         N/A       100%        3
 Conjure Flame            Conj/Fire      0%         6-21      100%        3
 Dazzling Flash           Conj/Hex       0%         N/A       100%        3
 Frozen Ramparts          Ice            0%         1d2       100%        3
 Gell's Gravitas          Tloc           0%         N/A       100%        3
 Ignite Poison            Fire/Tmut/Pois 0%         N/A       100%        3
 Mephitic Cloud           Conj/Pois/Air  0%         N/A       100%        3
 Portal Projectile        Hex/Tloc       0%         N/A       100%        3
 Spider Form              Tmut/Pois      0%         N/A       100%        3
 Stone Arrow              Conj/Erth      0%         3d7       100%        3
 Summon Guardian Golem    Hex/Summ       0%         N/A       100%        3
 Swiftness                Air            0%         N/A       100%        3
 Teleport Other           Tloc           0%         N/A       100%        3
 Tukima's Dance           Hex            0%         N/A       100%        3
 Airstrike                Air            0%         N/A       100%        4
 Cause Fear               Hex            0%         N/A       100%        4
 Flame Wave               Conj/Fire      0%         2d4       100%        4
 Hailstorm                Conj/Ice       0%         3d3       100%        4
 Ice Form                 Ice/Tmut       0%         N/A       100%        4
 Iskenderun's Mystic Bla  Conj/Tloc      0%         2d3       100%        4
 Leda's Liquefaction      Hex/Erth       0%         N/A       100%        4
 Olgreb's Toxic Radiance  Pois           0%         N/A       100%        4
 Passage of Golubria      Tloc           0%         N/A       100%        4
 Petrify                  Tmut/Erth      0%         N/A       100%        4
 Sticky Flame             Conj/Fire      0%         2d3       100%        4
 Summon Ice Beast         Ice/Summ       0%         N/A       100%        4
 Agony                    Necr           0%         N/A       100%        5
 Alistair's Intoxication  Tmut/Pois      0%         N/A       100%        5
 Blade Hands              Tmut           0%         N/A       100%        5
 Excruciating Wounds      Necr           0%         N/A       100%        5
 Fireball                 Conj/Fire      0%         3d3       100%        5
 Freezing Cloud           Conj/Ice/Air   0%         6-21      100%        5
 Irradiate                Conj/Tmut      0%         3d13      100%        5
 Iskenderun's Battlesphe  Conj           0%         2d6       100%        5
 Silence                  Hex/Air        0%         N/A       100%        5
 Summon Forest            Summ/Tloc      0%         N/A       100%        5
 Yara's Violent Unravell  Hex/Tmut       0%         3d3       100%        5
 Conjure Ball Lightning   Conj/Air       0%         3x3d6     100%        6
 Dispersal                Tloc           0%         N/A       100%        6
 Eringya's Noxious Bog    Tmut/Pois      0%         N/A       100%        6
 Iron Shot                Conj/Erth      0%         9d1       100%        6
 Simulacrum               Ice/Necr       0%         N/A       100%        6
 Starburst                Conj/Fire      0%         6d3       100%        6
 Statue Form              Tmut/Erth      0%         N/A       100%        6
 Summon Cactus Giant      Summ           0%         N/A       100%        6
 Dragon Form              Tmut           0%         N/A       100%        7
 Monstrous Menagerie      Summ           0%         N/A       100%        7
 Orb of Destruction       Conj           0%         N/A       100%        7
 Spellforged Servitor     Conj/Summ      0%         N/A       100%        7
 Summon Hydra             Summ           0%         N/A       100%        7
 Summon Horrible Things   Summ           0%         N/A       100%        8
 Chain Lightning          Conj/Air       0%         N/A       100%        9
 Dragon's Call            Summ           0%         N/A       100%        9
 Polar Vortex             Ice            0%         N/A       100%        9
 Shatter                  Erth           0%         3d5*      100%        9


Dungeon Overview and Level Annotations

Branches:
Dungeon (15/15)            Temple (1/1) D:4            Lair (5/6) D:11
 Shoals (4/4) Lair:4       Spider (4/4) Lair:4        Slime (0/5) Lair:5
    Orc (2/2) D:9             Elf (3/3) Orc:2        Vaults (0/5) D:14
 Depths (4/4) D:15          Sewer (visited)          Bailey (visited)
  IceCv (visited)         Volcano (visited)         Gauntlet (visited)
    Zot: Depths:4

Altars:
Ashenzari
Cheibriados
Dithmenos
Elyvilon
Fedhas
Gozag
Hepliaklqana
Kikubaaqudgha
Makhleb
Nemelex Xobeh
Okawaru
Qazlal
Ru
Sif Muna
Trog
Uskayaw
Vehumet
Wu Jian
Xom
Yredelemnul
Zin
The Shining One

Shops:
D:2 :   D:3 (   D:5 **   D:12 ?   Orc:1 *   Orc:2 *[!(   Elf:1 [!?!
Elf:2 =:==*[   Lair:5 ([   Depths:1 :[=   Depths:3 [*

Portals:
Hell: Depths:1 Depths:2 Depths:3 Depths:4
Abyss: Depths:1 Depths:2 Depths:3
Pandemonium: Depths:2
Ziggurat: Depths:4


Innate Abilities, Weirdness & Mutations

You have a pair of horns on your head.
You reflexively headbutt those who attack you in melee.


Message History

The deep troll closely misses you. You block the ice dragon's attack.
The ice dragon misses you. The ice dragon closely misses you.
The frost giant gestures at you while chanting.
The bolt of cold hits the ice dragon.
The ice dragon resists.
The bolt of cold hits you!!!!
You feel a terrible chill!
* * * LOW HITPOINT WARNING * * *
As you read the scroll of teleportation, it crumbles to dust.
You feel strangely unstable.
You are engulfed in freezing vapours.
* * * LOW HITPOINT WARNING * * *
You block the stone giant's attack. You block the ice dragon's attack. x2
The ice dragon misses you.
As you read the scroll of fear, it crumbles to dust.
You assume a fearsome visage.
The green draconian looks frightened!
The black draconian looks frightened!
The ice dragon looks frightened!
The frost giant looks frightened!
The flayed ghost is unaffected.
The stone giant looks frightened!
The fire giant looks frightened!
The deep troll shaman looks frightened!
The deep troll looks frightened!
You are engulfed in freezing vapours.
Okay, then.
The flayed ghost is no longer distracted by gold.
The deep troll shaman is distracted by your dazzling golden aura.
The flayed ghost stares at you with tortured malice.
Terrible wounds spread across more of your body!
* * * LOW HITPOINT WARNING * * *
The frost giant is distracted by your dazzling golden aura.
Your surroundings suddenly seem different.
Splash!
A death drake, a tentacled monstrosity and 5 dragons come into view.
The ice dragon roars deafeningly!
The quicksilver dragon roars deafeningly!
The golden dragon roars deafeningly!
The quicksilver dragon is distracted by your dazzling golden aura.
A fire dragon comes into view.
The tentacled monstrosity is distracted by your dazzling golden aura.
The shadow dragon is distracted by your dazzling golden aura.
The ice dragon breathes frost at you.
The blast of cold hits the plant!!!
The plant begins to die.
The blast of cold hits you!!!
You feel a terrible chill!
You die...
Your body crumbles into a pile of gold.

#################
.......P....D.D..
.........P..D.D..
≈≈≈≈≈≈≈@○≈≈k≈≈≈≈≈
≈≈≈≈≈≈≈≈≈≈≈≈≈≈≈≈≈
##≈≈≈≈≈≈≈≈≈≈≈≈D≈≈
#..X....D.......
################


You could see a shadow dragon (unaware), a tentacled monstrosity (unaware), a
golden dragon, 2 fire dragons, an ice dragon (catching breath), a quicksilver
dragon (unaware) and a death drake.

Vanquished Creatures
  A juggernaut (Depths:3)
  Mara (Spider:4)
  3 golden dragons
  A bone dragon (Abyss:2)
  Jory (Depths:4)
  The ghost of wpisznazwe the Stickfighter, an adept DsGl of Fedhas (Depths:3)
  2 tentacled monstrosities (Depths:4)
  An Ice Fiend (IceCv)
  2 titans
  Rupert (D:14)
  A walking crystal tome (Depths:4)
  2 liches
  Asterion (Elf:2)
  2 deep elf master archers (Elf:3)
  2 quicksilver dragons
  Mlioglotl (Shoals:2)
  2 deep elf blademasters (Elf:3)
  The ghost of dricus the Warrior, an adept DgAE (Spider:4)
  Polyphemus (Shoals:4)
  A sphinx (Depths:3)
  5 shadow dragons
  A storm dragon (Elf:1)
  The ghost of juzbaz the Warrior, an adept HuCA of Trog (Spider:2)
  Kirke (D:14)
  The ghost of Qead the Warrior, a journeyman MiFi of Makhleb (Elf:1)
  A tengu reaver (Depths:3)
  Roxanne (D:15)
  The ghost of Wizop the Sharpshooter, an adept DjVM of Fedhas (Orc:2)
  Louise (Shoals:1)
  7 frost giants
  An iron dragon (Depths:3)
  8 deep elf sorcerers
  4 ghost moths (Spider:4)
  The ghost of Helaemn the Devastator, an adept TeAE of Vehumet (Depths:3)
  A juggernaut zombie (D:15)
  5 emperor scorpions
  Aizul (Spider:3)
  4 fire giants
  6 deep elf elementalists
  11 very ugly things
  2 spriggan defenders (Depths:2)
  14 stone giants
  3 vampire knights
  4 entropy weavers
  5 deep elf demonologists
  A purple draconian (Depths:4)
  Azrael (D:13)
  10 spark wasps
  A minotaur (Gauntlet)
  10 deep elf annihilators
  The ghost of Onkuvak the Brawler, a journeyman TrMo of Elyvilon (Lair:3)
  The ghost of Nesabuf the Severer, a journeyman MiBe of Trog (Lair:2)
  An eidolon (Abyss:2)
  5 merfolk javelineers (Shoals:4)
  An ettin (Depths:2)
  4 deep elf death magi (Elf:3)
  Josephine (Lair:5)
  3 jiangshi (Depths:2)
  6 fire dragons
  8 merfolk impalers
  4 great orbs of eyes
  5 deep elf high priests
  3 rakshasas
  5 spriggan air magi
  6 ice dragons
  4 merfolk avatars
  6 boulder beetles
  8 hydras
  A salamander tyrant (Depths:4)
  An ogre mage (D:15)
  3 catoblepae
  7 centaur warriors
  A ghost crab (Gauntlet)
  8 two-headed ogres
  An alligator snapping turtle (Shoals:3)
  6 deep troll earth magi
  A caustic shrike simulacrum (IceCv)
  4 merfolk aquamancers (Shoals:4)
  4 death yaks (Shoals:4)
  2 tengu warriors (Depths:1)
  2 hell hogs (Abyss:2)
  7 orc high priests
  4 spriggan berserkers
  4 deep troll shamans
  4 vampire magi
  7 hell knights
  17 deep elf knights
  3 thrashing horrors (Abyss:2)
  A titan zombie (D:15)
  3 salamander mystics (Depths:4)
  7 iron trolls
  2 wretched stars (Abyss:2)
  16 deep trolls
  2 spatial maelstroms (Abyss:2)
  A skeletal warrior (D:15)
  14 sea snakes
  17 deep elf archers
  A glowing orange brain (Depths:1)
  3 flayed ghosts
  4 starcursed masses (Abyss:2)
  2 obsidian statues (IceCv)
  3 lindwurms
  2 orange crystal statues
  A kraken simulacrum (Shoals:1)
  2 bog bodies (IceCv)
  3 wizards
  7 harpies
  25 deep elf pyromancers
  24 deep elf zephyrmancers
  21 orb spiders
  2 orc knights (D:15)
  22 ugly things
  7 necromancers
  17 manticores
  A manticore (shapeshifter) (Abyss:2)
  4 orc sorcerers
  3 oklob plants
  15 fauns
  31 wolf spiders
  9 salamanders (Depths:4)
  6 cyclopes
  5 elephants (Lair:5)
  4 moths of wrath
  6 water nymphs
  10 merfolk sirens
  6 black mambas
  A naga zombie (Abyss:2)
  An eye of devastation (Abyss:2)
  6 cane toads
  A molten gargoyle (Depths:4)
  2 torpor snails
  7 unseen horrors
  3 kobold demonologists
  11 komodo dragons
  2 cane toads (shapeshifter)
  Maggie (D:8)
  A rime drake (Lair:5)
  A komodo dragon (shapeshifter) (Depths:2)
  An unseen horror (shapeshifter) (D:15)
  2 efreet
  2 entropy weaver simulacra (IceCv)
  5 freezing wraiths
  An ice devil (IceCv)
  An ancient zyme (Abyss:2)
  A guardian mummy (D:15)
  2 tengu conjurers
  9 demonic crawlers
  2 golden dragon simulacra (IceCv)
  9 trolls
  A queen bee (Spider:1)
  2 meliai
  6 wind drakes
  48 jumping spiders
  23 merfolk
  A polar bear (Lair:3)
  10 hornets
  26 blink frogs
  An ettin zombie (D:15)
  3 raiju (Abyss:2)
  11 slime creatures
  A spriggan zombie (D:15)
  7 snapping turtles
  77 redbacks
  2 shadows
  27 tarantellas
  9 small abominations
  6 wraiths
  Sigmund (D:2)
  A ynoxinul (Abyss:2)
  4 air elementals
  13 water elementals
  A hog (D:14)
  8 large abominations
  3 wyverns
  62 yaks
  2 vampires
  4 fire elementals
  A sea snake simulacrum (Shoals:1)
  3 basilisks
  3 chaos spawn
  A golden eye (shapeshifter) (D:15)
  3 steam dragons
  5 spriggans
  4 harpy simulacra
  8 vampire mosquitoes
  3 acid dragons
  13 water moccasins
  A warg (D:15)
  2 floating eyes (Depths:2)
  7 hydra simulacra (IceCv)
  4 hell hounds (D:13)
  39 orc warriors
  A sky beast (shapeshifter) (Depths:2)
  2 ettin simulacra (IceCv)
  An ice beast (D:6)
  3 black bears (Lair:1)
  2 satyr simulacra (Shoals:1)
  2 sky beasts
  10 ogres
  2 necrophages
  2 boggarts (Depths:2)
  18 wolves
  7 centaurs
  4 kobold brigands
  11 bullfrogs
  An earth elemental (Elf:1)
  4 merfolk simulacra (Shoals:1)
  A scorpion (D:7)
  2 faun simulacra (Shoals:1)
  A wyvern skeleton (D:3)
  A gnoll sergeant (D:10)
  2 snapping turtle simulacra (Shoals:1)
  15 killer bees
  A manticore simulacrum (Shoals:1)
  18 wights
  2 howler monkeys (D:8)
  8 electric eels
  6 lava snakes
  3 centaur zombies
  A quasit (Abyss:2)
  7 hounds
  31 orc priests
  4 jellies
  A gnoll shaman (D:8)
  2 bullfrog skeletons
  3 iguanas
  36 orc wizards
  A centaur simulacrum (Shoals:1)
  Robin (D:3)
  A howler monkey zombie (D:10)
  12 gnolls
  8 adders
  3 shadow imps
  A howler monkey simulacrum (D:9)
  2 ufetubi
  2 adder skeletons (D:4)
  6 worms
  3 dart slugs
  105 orcs
  4 bats
  5 endoplasms
  3 giant cockroaches
  17 goblins
  10 hobgoblins
  5 jackals (Sewer)
  49 kobolds
  2 quokkas
  3 ball pythons
  4 frilled lizards (Sewer)
  4 rats
  A bush (Lair:1)
  2 starspawn tentacles (Shoals:2)
1607 creatures vanquished.

Vanquished Creatures (collateral kills)
  Arachne (Spider:3)
  An ice dragon (Depths:2)
  A wolf spider (Spider:3)
  3 jumping spiders (Spider:3)
  A redback (Spider:3)
  A tarantella (Spider:3)
8 creatures vanquished.

Vanquished Creatures (others)
  A merfolk javelineer (Shoals:4)
  A merfolk aquamancer (Shoals:4)
  34 dancing weapons
  A deep elf pyromancer (Elf:1)
  A water elemental (Elf:3)
  An orc (D:7)
  A goblin (D:13)
  A kobold (Bailey)
  5 foxfires (Shoals:2)
  22 fungi
  119 plants
  3 starspawn tentacles (Shoals:2)
  6 tentacles (Shoals:1)
  17 withered plants
213 creatures vanquished.

Grand Total: 1828 creatures vanquished

Notes
Turn   | Place    | Note
-------+----------+-------------------------------------------
     0 | D:1      | Decritt the Minotaur Fighter began the quest for the Orb.
     0 | D:1      | Reached XP level 1. HP: 19/19 MP: 0/0
   138 | D:1      | Reached XP level 2. HP: 25/27 MP: 1/1
   302 | D:1      | Found a faded altar of an unknown god.
   592 | D:2      | Found Inamion's Book Shop.
   614 | D:2      | Noticed Sigmund
   631 | D:2      | Killed Sigmund
   632 | D:2      | Reached XP level 3. HP: 15/35 MP: 2/2
   632 | D:2      | Reached XP level 4. HP: 17/41 MP: 3/3
   632 | D:2      | Reached XP level 5. HP: 20/47 MP: 4/4
   909 | D:2      | Found a glowing silver altar of Zin.
  1314 | D:3      | Reached skill level 5 in Fighting
  1443 | D:3      | Found Inkent's Weapon Shop.
  1605 | D:3      | Noticed Robin
  1615 | D:3      | Reached skill level 5 in Shields
  1616 | D:3      | Reached skill level 5 in Armour
  1622 | D:3      | Killed Robin
  1623 | D:3      | Reached XP level 6. HP: 29/56 MP: 5/5
  2187 | D:3      | Reached skill level 5 in Axes
  2415 | D:4      | Reached XP level 7. HP: 54/62 MP: 6/6
  2829 | D:4      | Found a staircase to the Ecumenical Temple.
  2836 | Temple   | Entered the Ecumenical Temple
  2933 | Temple   | Became a worshipper of Gozag Ym Sagoz the Greedy
  3257 | D:5      | Entered Level 5 of the Dungeon
  3441 | D:5      | Found Omnare Lifyu's Specific Store.
  3443 | D:5      | Found Fios's General Store.
  3469 | D:5      | Bought a potion of curing for 33 gold pieces
  3473 | D:5      | Bought a scroll of identify for 24 gold pieces
  3473 | D:5      | Bought a scroll of identify for 24 gold pieces
  3473 | D:5      | Bought a scroll of teleportation for 36 gold pieces
  3504 | D:5      | Reached skill level 1 in Evocations
  3846 | D:5      | Found Junav's Gadget Gallery.
  4143 | D:5      | Reached XP level 8. HP: 48/71 MP: 7/7
  4489 | D:6      | Found a glowing drain.
  4508 | Sewer    | Entered a sewer
  7349 | D:7      | Reached skill level 1 in Dodging
  7349 | D:7      | Reached XP level 9. HP: 53/79 MP: 8/8
  7748 | D:7      | Reached skill level 1 in Throwing
  8592 | D:8      | Found a hazy altar of Hepliaklqana.
  9848 | D:8      | Noticed Maggie
  9858 | D:8      | Killed Maggie
 10315 | D:8      | Reached XP level 10. HP: 88/91 MP: 9/9
 10648 | D:9      | Found a staircase to the Orcish Mines.
 10860 | D:9      | Noticed a white ugly thing
 10867 | D:9      | Killed a white ugly thing
 10900 | D:9      | Noticed a centaur warrior
 10908 | D:9      | Killed a centaur warrior
 10909 | D:9      | Reached skill level 10 in Fighting
 10912 | D:9      | Noticed a cyclops
 10919 | D:9      | Killed a cyclops
 10920 | D:9      | Reached skill level 10 in Axes
 10926 | D:9      | Noticed a boulder beetle
 10945 | D:9      | Killed a boulder beetle
 11156 | D:9      | Noticed a deep elf pyromancer
 11176 | D:9      | Noticed a centaur warrior
 11177 | D:9      | Killed a deep elf pyromancer
 11178 | D:9      | Reached XP level 11. HP: 101/101 MP: 10/10
 11182 | D:9      | Killed a centaur warrior
 11868 | D:10     | Entered Level 10 of the Dungeon
 12362 | D:10     | Reached skill level 5 in Throwing
 12546 | D:10     | Noticed a two-headed ogre
 12555 | D:10     | Killed a two-headed ogre
 12556 | D:10     | Reached skill level 5 in Dodging
 12556 | D:10     | Reached skill level 5 in Evocations
 13201 | D:11     | Found a staircase to the Lair.
 13926 | D:11     | Noticed a two-headed ogre
 13940 | D:11     | Killed a two-headed ogre
 14112 | D:11     | Reached XP level 12. HP: 112/112 MP: 11/11
 14118 | D:11     | Noticed a two-headed ogre
 14129 | D:11     | Killed a two-headed ogre
 14580 | D:12     | Noticed a boulder beetle
 14630 | D:12     | Killed a boulder beetle
 14997 | D:12     | Noticed a boulder beetle
 15004 | D:12     | Reached skill level 10 in Armour
 15004 | D:12     | Reached skill level 10 in Shields
 15024 | D:12     | Killed a boulder beetle
 15428 | D:12     | Found Imeraag's Magic Scroll Shop.
 15432 | D:12     | Bought a scroll of identify for 22 gold pieces
 15432 | D:12     | Bought a scroll of enchant armour for 82 gold pieces
 15432 | D:12     | Bought a scroll of teleportation for 33 gold pieces
 15432 | D:12     | Bought a scroll of identify for 22 gold pieces
 15432 | D:12     | Bought a scroll of enchant weapon for 82 gold pieces
 15432 | D:12     | Bought a scroll of teleportation for 33 gold pieces
 15432 | D:12     | Bought a scroll of identify for 22 gold pieces
 16143 | D:13     | Found a flagged portal.
 16143 | D:13     | Noticed a catoblepas
 16193 | D:13     | Killed a catoblepas
 16364 | Bailey   | Entered a bailey
 16893 | D:13     | Noticed a centaur warrior
 16901 | D:13     | Killed a centaur warrior
 17084 | D:13     | Noticed Azrael
 17357 | Lair:1   | Entered Level 1 of the Lair of Beasts
 17388 | Lair:1   | Found a dark tunnel.
 17394 | Volcano  | Entered a volcano
 19470 | Lair:1   | Reached XP level 13. HP: 122/122 MP: 12/12
 20538 | Lair:2   | Found a runed translucent gate.
 20538 | Lair:2   | Found a runed translucent gate.
 20538 | Lair:2   | Found a runed translucent gate.
 20543 | Lair:2   | Noticed Nesabuf's ghost (journeyman MiBe)
 20603 | Lair:2   | Killed Nesabuf's ghost
 21057 | Lair:3   | Found a gate leading to a gauntlet.
 21067 | Gauntlet | Entered a Gauntlet
 21067 | Gauntlet | Found a transporter.
 21067 | Gauntlet | Found a transporter.
 21071 | Gauntlet | Found a transporter.
 21074 | Gauntlet | Found a transporter.
 21118 | Gauntlet | Found a transporter.
 21131 | Gauntlet | Found a transporter.
 21149 | Gauntlet | Found a transporter.
 21149 | Gauntlet | Found a transporter.
 21152 | Gauntlet | Found a transporter.
 21152 | Gauntlet | Found a transporter.
 21165 | Gauntlet | Found a transporter.
 21182 | Gauntlet | Found a transporter.
 21184 | Gauntlet | Noticed a minotaur
 21186 | Gauntlet | Found a runed translucent door.
 21193 | Gauntlet | Found a transporter.
 21231 | Gauntlet | Found a transporter.
 21462 | Gauntlet | Got the Compendium of the Excruciating Frostbite
 21553 | Gauntlet | Reached XP level 14. HP: 130/130 MP: 13/13
 22239 | Lair:3   | Found a transporter.
 22242 | Lair:3   | Noticed Onkuvak's ghost (journeyman TrMo)
 22249 | Lair:3   | Found a transporter.
 22253 | Lair:3   | Found a bloodstained altar of Trog.
 22324 | Lair:3   | Killed Onkuvak's ghost
 22473 | Lair:3   | Found a runed translucent door.
 22508 | Lair:3   | Found a runed translucent gate.
 22521 | Lair:3   | Found a runed translucent gate.
 22522 | Lair:3   | Found a runed translucent gate.
 22522 | Lair:3   | Found a runed translucent gate.
 22522 | Lair:3   | Found a runed translucent gate.
 22523 | Lair:3   | Found a runed translucent gate.
 23733 | Lair:4   | Found a hole to the Spider Nest.
 23794 | Lair:4   | Reached XP level 15. HP: 138/139 MP: 14/14
 23964 | Lair:4   | Found a staircase to the Shoals.
 24307 | Lair:4   | Identified the +0 chain mail "Beril" {Str+6}
 24664 | Lair:5   | Found a staircase to the Slime Pits.
 25053 | Lair:5   | Identified the +2 chain mail of Egauw {+Inv rC- rCorr
                  | Int+4}
 25066 | Lair:5   | Reached skill level 15 in Axes
 25086 | Lair:5   | Noticed Josephine
 25101 | Lair:5   | Killed Josephine
 25449 | Lair:5   | Reached skill level 15 in Fighting
 26021 | Lair:5   | Bought a pitted war axe for 246 gold pieces
 26021 | Lair:5   | Identified the +9 war axe "Worhiol" {vorpal, rC+ MP+9
                  | Dex+4} (You bought it in a shop on level 5 of the Lair of
                  | Beasts)
 26027 | Lair:5   | Bought the +15 crystal plate armour of the Dwarven Hall
                  | {Str+3} for 1849 gold pieces
 26163 | Spider:1 | Entered Level 1 of the Spider Nest
 26602 | Spider:1 | Reached skill level 10 in Dodging
 28062 | Spider:2 | Reached XP level 16. HP: 151/151 MP: 15/15
 28180 | Spider:2 | Found a runed translucent door.
 28181 | Spider:2 | Noticed juzbaz's ghost (adept HuCA)
 28205 | Spider:2 | Killed juzbaz's ghost
 28309 | Spider:3 | Noticed Arachne
 28352 | Spider:3 | Killed Arachne
 29267 | Spider:2 | Found a runed translucent door.
 29302 | Spider:2 | Identified the +4 pair of boots "Ypsatwock" {rC- Dex+6
                  | Slay+3}
 29496 | Spider:2 | Identified the +2 scale mail of the Minstrel {Rampage rC+}
 29618 | Spider:4 | Entered Level 4 of the Spider Nest
 29625 | Spider:4 | Noticed Mara
 29631 | Spider:4 | Noticed Decritt's illusion
 29943 | Spider:4 | Noticed Decritt's illusion
 29958 | Spider:4 | Killed Mara
 29959 | Spider:4 | Reached skill level 15 in Armour
 29959 | Spider:4 | Reached skill level 15 in Shields
 30265 | Spider:4 | Noticed Aizul
 30295 | Spider:3 | Killed Aizul
 30963 | Spider:4 | Reached XP level 17. HP: 156/160 MP: 2/16
 31368 | Spider:4 | Got a gossamer rune of Zot
 31703 | Spider:4 | Found a runed translucent door.
 31703 | Spider:4 | Noticed dricus's ghost (adept DgAE)
 31736 | Spider:4 | Killed dricus's ghost
 32280 | Orc:1    | Entered Level 1 of the Orcish Mines
 32473 | Orc:2    | Entered Level 2 of the Orcish Mines
 32807 | Orc:2    | Found a staircase to the Elven Halls.
 32905 | Orc:2    | Found Xyuryoj's Weapon Shoppe.
 32905 | Orc:2    | Found Volesaem's Antique Armour Emporium.
 32927 | Orc:2    | Found Camip's General Store.
 32930 | Orc:2    | Found Ucygunn's Distillery.
 32960 | Orc:2    | Bought a potion of heal wounds for 65 gold pieces
 32961 | Orc:2    | Bought a glowing scarf for 216 gold pieces
 32967 | Orc:2    | Bought a potion of haste for 120 gold pieces
 32967 | Orc:2    | Bought a potion of curing for 36 gold pieces
 32967 | Orc:2    | Bought a potion of curing for 36 gold pieces
 32967 | Orc:2    | Bought a potion of resistance for 120 gold pieces
 32967 | Orc:2    | Bought a potion of might for 48 gold pieces
 32967 | Orc:2    | Bought a potion of curing for 36 gold pieces
 32967 | Orc:2    | Bought a potion of curing for 36 gold pieces
 32967 | Orc:2    | Bought a potion of haste for 120 gold pieces
 33371 | Orc:2    | Noticed Wizop's ghost (adept DjVM)
 33431 | Orc:2    | Found a runed translucent gate.
 33431 | Orc:2    | Found a runed translucent gate.
 33431 | Orc:2    | Found a runed translucent gate.
 33465 | Orc:2    | Killed Wizop's ghost
 33511 | Orc:1    | Found Uwics's Overcharged Wands.
 34245 | Shoals:1 | Entered Level 1 of the Shoals
 34249 | Shoals:1 | Found a runed translucent gate.
 34249 | Shoals:1 | Found a runed translucent gate.
 34249 | Shoals:1 | Found a runed translucent gate.
 34547 | Shoals:2 | Noticed Mlioglotl
 34560 | Shoals:2 | Noticed a profane servitor
 34575 | Shoals:2 | Paralysed by accursed screaming for 2 turns
 35200 | Shoals:1 | Noticed Louise
 35210 | Shoals:1 | Killed Louise
 35823 | Shoals:2 | Killed Mlioglotl
 37021 | Shoals:4 | Entered Level 4 of the Shoals
 37060 | Shoals:4 | Reached XP level 18. HP: 114/171 MP: 17/17
 37109 | Shoals:4 | Found a frozen archway.
 37135 | IceCv    | Entered an ice cave
 37944 | IceCv    | Noticed an Ice Fiend
 37957 | IceCv    | Killed an Ice Fiend
 38545 | Shoals:4 | Noticed Polyphemus
 38586 | Shoals:4 | Killed Polyphemus
 38804 | Shoals:4 | Identified the -1 helmet of the Six Dreams {rCorr Dex+4}
 38922 | Shoals:4 | Identified the +4 halberd of the Madman {spect, Drain rPois
                  | rN+ Will+}
 39266 | Shoals:4 | Got a barnacled rune of Zot
 40190 | Elf:1    | Entered Level 1 of the Elven Halls
 40206 | Elf:1    | Reached skill level 10 in Evocations
 40245 | Elf:1    | Found Qizxian's Distillery.
 40291 | Elf:1    | Bought a potion of heal wounds for 75 gold pieces
 40291 | Elf:1    | Bought a potion of haste for 150 gold pieces
 40291 | Elf:1    | Bought a potion of curing for 45 gold pieces
 40389 | Elf:1    | Noticed Qead's ghost (journeyman MiFi)
 40401 | Elf:1    | Found a runed translucent door.
 40437 | Elf:1    | Killed Qead's ghost
 40494 | Elf:1    | Got the Grimoire of the Baker
 40654 | Elf:1    | Identified the +4 quarterstaff "Luciat" {elec, rN+}
 40720 | Elf:1    | Found a runed translucent gate.
 40720 | Elf:1    | Found a runed translucent gate.
 40720 | Elf:1    | Found a runed translucent gate.
 40720 | Elf:1    | Found a runed translucent gate.
 40720 | Elf:1    | Found a runed translucent gate.
 40722 | Elf:1    | Noticed an Ice Fiend
 40727 | Elf:1    | Found a runed translucent gate.
 41118 | Elf:1    | Found Ampi's Distillery.
 41126 | Elf:1    | Bought a potion of curing for 42 gold pieces
 41126 | Elf:1    | Bought a potion of might for 56 gold pieces
 41126 | Elf:1    | Bought a potion of attraction for 42 gold pieces
 41126 | Elf:1    | Bought a potion of cancellation for 112 gold pieces
 41150 | Elf:1    | Found Cukkoet's Magic Scroll Shop.
 41153 | Elf:1    | Bought a scroll of summoning for 95 gold pieces
 41153 | Elf:1    | Bought a scroll of teleportation for 30 gold pieces
 41153 | Elf:1    | Bought a scroll of teleportation for 30 gold pieces
 41153 | Elf:1    | Bought a scroll of holy word for 75 gold pieces
 41245 | Elf:1    | Reached XP level 19. HP: 167/181 MP: 18/18
 41336 | Elf:1    | Found Joump's Antique Armour Emporium.
 41416 | Elf:2    | Found Piyruebb's General Store.
 41420 | Elf:2    | Bought a scroll of acquirement for 988 gold pieces
 41420 | Elf:2    | Bought a scroll of enchant armour for 142 gold pieces
 41421 | Elf:2    | Acquired 661 gold pieces
 41434 | Elf:2    | Found Nunionou's Antique Armour Shoppe.
 41449 | Elf:2    | Noticed Asterion
 41460 | Elf:2    | Killed Asterion
 41599 | Elf:2    | Paralysed by an air elemental for 1 turns
 41788 | Elf:2    | Found Oluadoz's Jewellery Boutique.
 41795 | Elf:2    | Paralysed by an air elemental for 1 turns
 41805 | Elf:2    | Bought the ring of Meixtuh {Fire Str+3} for 804 gold pieces
 41818 | Elf:2    | Found Titwuo Jolo's Jewellery Emporium.
 41818 | Elf:2    | Found Siuho's Book Boutique.
 41819 | Elf:2    | Found Wohyik's Jewellery Emporium.
 42144 | Elf:2    | Found Ugifar's Jewellery Emporium.
 42334 | Elf:2    | Found a huge runed translucent gate.
 42334 | Elf:2    | Found a huge runed translucent gate.
 42334 | Elf:2    | Found a huge runed translucent gate.
 42334 | Elf:2    | Found a huge runed translucent gate.
 42335 | Elf:2    | Found a huge runed translucent gate.
 43208 | Elf:3    | Entered Level 3 of the Elven Halls
 43284 | Elf:3    | Identified the +1 scimitar "Tomeen" {flame, Will+}
 43293 | Elf:3    | Reached skill level 15 in Dodging
 43296 | Elf:3    | Cast into level 2 of the Abyss (a deep elf sorcerer)
 43301 | Abyss:2  | Found a corrupted altar of Lugonu.
 43325 | Abyss:2  | Found a corrupted altar of Lugonu.
 43421 | Abyss:2  | Noticed a bone dragon
 43437 | Abyss:2  | Killed a bone dragon
 43687 | Elf:3    | Escaped the Abyss
 43688 | Elf:3    | Noticed a Brimstone Fiend
 44085 | Elf:3    | Identified the +10 flail of Pyromania {venom, rN+ Int+3}
 44388 | Elf:3    | Paralysed by an air elemental for 1 turns
 44429 | Elf:3    | Identified the +4 flail "Kobrikeo" {vamp, *Rage rN+ Will+}
 44493 | Elf:3    | Reached XP level 20. HP: 185/193 MP: 19/19
 44620 | Elf:3    | Got Sif Muna's Reference Book on Summoning and Darkness
 44672 | Elf:3    | Got the Collected Works on Air and Calling
 44702 | Elf:3    | Identified the +0 pair of gloves "Nuph" {rElec}
 44745 | Elf:3    | Identified the +9 trident of Demonkind {spect, rElec Str+2
                  | Dex+4}
 44751 | Elf:3    | Identified the +2 ring mail "Jetryrif" {Rampage Will-
                  | Str+2}
 44804 | Elf:3    | Paralysed by an air elemental for 1 turns
 44818 | Elf:3    | Identified the ring "Kuel" {rPois EV+4 Int+4}
 44825 | Elf:3    | Cast into level 2 of the Abyss (a deep elf sorcerer)
 44879 | Abyss:2  | Found a candlelit altar of Ignis.
 44892 | Elf:3    | Escaped the Abyss
 46010 | D:13     | Killed Azrael
 46269 | D:14     | Found a glowing golden altar of the Shining One.
 46354 | D:14     | Found a broken altar of Ashenzari.
 46370 | D:14     | Noticed Rupert
 46370 | D:14     | Paralysed by Rupert for 7 turns
 46381 | D:14     | Killed Rupert
 46550 | D:14     | Noticed Kirke
 46559 | D:14     | Killed Kirke
 46580 | D:14     | Found a gate to the Vaults.
 47037 | D:15     | Entered Level 15 of the Dungeon
 47420 | D:15     | Found a staircase to the Depths.
 47701 | D:15     | Identified Roxanne's Incunabulum of Moulding
 47701 | D:15     | Noticed Roxanne
 47720 | D:15     | Killed Roxanne
 48143 | Depths:1 | Entered Level 1 of the Depths
 48289 | Depths:1 | Found a gateway to Hell.
 48478 | Depths:1 | Found a one-way gate to the infinite horrors of the Abyss.
 48554 | Depths:1 | Found Vuvvino's Book Boutique.
 48572 | Depths:1 | Found Fistruo's Armour Shop.
 48582 | Depths:1 | Found Sughoism's Jewellery Boutique.
 49060 | Depths:1 | Found a hide-covered altar of Uskayaw.
 49486 | Depths:2 | Identified the +6 falchion of Xizeog {antimagic, rElec
                  | rCorr Int-4 Dex+7}
 49508 | Depths:2 | Identified the +1 whip of Collusion {vamp, rF+ rCorr Str+3}
 49509 | Depths:2 | Identified the +8 short sword of the Establishment {vorpal,
                  | rF+}
 49866 | Depths:2 | Noticed a golden dragon
 50545 | Depths:2 | Reached XP level 21. HP: 162/202 MP: 20/20
 50735 | Depths:2 | Killed a golden dragon
 51039 | Depths:2 | Paralysed by a floating eye for 2 turns
 51651 | Depths:2 | Found a one-way gate leading to the halls of Pandemonium.
 52101 | Depths:2 | Paralysed by a floating eye for 2 turns
 52416 | Depths:3 | Found a runed translucent gate.
 52417 | Depths:3 | Found a runed translucent gate.
 52419 | Depths:3 | Found a runed translucent gate.
 52420 | Depths:3 | Noticed wpisznazwe's ghost (adept DsGl)
 52420 | Depths:3 | Noticed Helaemn's ghost (adept TeAE)
 52507 | Depths:3 | Reached skill level 10 in Throwing
 52564 | Depths:3 | Noticed a golden dragon
 52573 | Depths:3 | Killed a golden dragon
 52661 | Depths:3 | Noticed a juggernaut
 52673 | Depths:3 | Killed a juggernaut
 52710 | Depths:3 | Paralysed by a sphinx for 4 turns
 52780 | Depths:3 | Identified the +0 demon whip "Fougec" {freeze, rElec}
 52928 | Depths:3 | Found Ocefumm's Assorted Antiques.
 52928 | Depths:3 | Found Yzela's Armour Shop.
 52937 | Depths:3 | Bought a translucent hat for 450 gold pieces
 52937 | Depths:3 | Identified the +1 hat of the Learner {Rampage Regen+ Int+2}
                  | (You bought it in a shop on level 3 of the Depths)
 53230 | Depths:3 | Noticed a golden dragon
 53241 | Depths:3 | Killed a golden dragon
 53837 | Depths:3 | Killed Helaemn's ghost
 53878 | Depths:3 | Killed wpisznazwe's ghost
 53883 | Depths:3 | Identified the ring "Xagux" {Wiz *Corrode rElec Dex+4}
 53925 | Depths:4 | Entered Level 4 of the Depths
 54155 | Depths:4 | Found a gateway to a ziggurat.
 54684 | Depths:4 | Noticed a golden dragon
 54814 | Depths:4 | Noticed Jory
 54834 | Depths:4 | Reached XP level 22. HP: 183/213 MP: 21/21
 54852 | Depths:4 | Identified the +8 morningstar of Irritation {freeze, Int+5}
 54855 | Depths:4 | Killed Jory
 54881 | Depths:4 | Noticed a golden dragon
 54883 | Depths:4 | Killed from afar by an ice dragon

Illustrated notes

Levels and vault maps discovered:
D:1:      dpeg_arrival_simpleton_c, layout_basic, ebering_ecumenical_altar_mist
D:2:      layout_loops_ring, serial_shops, shop, basic_altar, uniq_sigmund
D:3:      layout_basic, serial_shops, nicolae_shop_bloodbath_and_beyond,
          kennysheep_generic_room_7, uniq_robin
D:4:      layout_rooms, temple_green, sigmund_army
D:5:      layout_gridville, nicolae_specific_store, nicolae_shop_gadgets
D:6:      layout_cave_pools, portal_sewer_entry_a
D:7:      layout_rooms, mrwooster_statue_mirror, kennysheep_generic_room_6
D:8:      layout_loops_cross, nicolae_hepliaklqana_hippocampus, st_stairs_8,
          uniq_maggie
D:9:      layout_roguey, hiddenorc1_lemuel, serial_bayou_pond_e,
          minmay_evil_grid
D:10:     layout_stronghold
D:11:     layout_roguey, erik_lair_island
D:12:     layout_long_grid, serial_shops, shop
D:13:     layout_roguey, enter_bailey_5, uniq_azrael
D:14:     layout_basic, david_vaults_1, cheibrodos_ashenzari_chains,
          corexii_leaking_fountain, tso_oasis_becter, uniq_kirke, uniq_rupert
D:15:     gammafunk_depths_entry_grave, layout_long_grid,
          chequers_serial_rivers_micro_a, minmay_statue_bubble, uniq_roxanne
Temple:   kilobyte_greek_temple
Lair:1:   layout_regular_city, enter_volcano_4, minmay_lair_oklob_bushes,
          dreamdust_deal_with_the_devil, gammafunk_lair_bear_cave,
          infiniplex_staircase_pool
Lair:2:   layout_regular_city, ebering_ghost_rock_garden, serial_bayou_crossing
Lair:3:   gammafunk_indiana_jones, layout_layer_cave,
          gammafunk_ghost_wrathful_warriors, gauntlet_entry_generic,
          evilmike_ambush [evilmike_ambush_outer_doors,
          evilmike_ambush_inner_basic]
Lair:4:   layout_long_grid, elwin_shoals_entry_rooms,
          spider_nest_entry_funnel_web
Lair:5:   layout_regular_city, minmay_slime_entry_oklob_enclosed, uniq_josephine
Shoals:1: layout_shoals, nicolae_shoals_beach_cooler, uniq_louise
Shoals:2: layout_shoals, uniq_mlioglotl
Shoals:3: layout_shoals
Shoals:4: shoals_end_simple, layout_shoals, portal_ice_cave_entry_ugly_swarm,
          nicolae_shoals_arrival_archipelago, uniq_polyphemus
Spider:1: layout_chambers, hive_lemuel
Spider:2: cheibrodos_spider_deadly_dance, gammafunk_ghost_grave
Spider:3: layout_spider_delve, nicolae_spider_webs_and_nodes, uniq_arachne
Spider:4: spider_rune_water, ebering_ghost_reflecting_pool, uniq_aizul,
          uniq_mara
Orc:1:    layout_caves, nicolae_shop_overcharged_wands
Orc:2:    st_orc_mages, layout_diamond_mine, gammafunk_ghost_split
Elf:1:    minmay_elf_arrival_plus, layout_gridlike, hellmonk_ghost_big_iron,
          serial_shops, nicolae_shop_behind_doors, shop,
          nicolae_shop_hallway_plus, shop, orc_legates, lemuel_flamethrower_1
Elf:2:    elven_hall_of_blades_hangedman_alternative
          [infiniplex_blade_entry_pillars], layout_loops_cross, serial_shops,
          shop_fountains, nicolae_shop_competitors_out_of_business, shop_statue,
          nicolae_shop_hallway_stairs, grunt_ministairs_2, minmay_shop_grove,
          uniq_asterion
Elf:3:    grunt_elf_hall_branching, layout_onion_city
Depths:1: layout_forbidden_donut, hellmonk_bongcloud_opening, hell_entry,
          minmay_room_of_horrors, glass_columns_a, minmay_misc_feat_chi,
          nicolae_uskayaw_murder_on_the_dancefloor, minmay_shop_star
Depths:2: minmay_quarter_circles, layout_gridlike,
          nicolae_abyss_entry_one_way_or_another, hell_entry, pan_entry,
          horrible_house_mu, infiniplex_staircase_diamond, firewood_loft
Depths:3: kennysheep_water_balloons, layout_gridlike, gammafunk_ghost_cemetery,
          abyss_entry, dk_noncrumbling_4, pf_hell_entry_tar_spiral,
          hangedman_abyss_or_decor_stabs, grunt_megastairs_5,
          infiniplex_staircase_x, minmay_shoptagon
Depths:4: lemuel_castle_with_subvaults [lemuel_castle_interior_carwin_1],
          layout_basic, enter_ziggurat_e, hell_entry,
          nicolae_kikubaaqudgha_miasma_corner,
          minmay_the_grid_square_5x5_3x3_mashed [minmay_the_grid_square_5x5_v,
          minmay_the_grid_square_5x5_spiral_small,
          minmay_the_grid_square_5x5_inverted_slash,
          minmay_the_grid_square_5x5_shrine2,
          minmay_the_grid_square_5x5_megaprize_checkered,
          minmay_the_grid_square_5x5_percent,
          minmay_the_grid_square_5x5_n_small, minmay_the_grid_square_5x5_bridge,
          minmay_the_grid_square_5x5_fancy_junction], serial_bayou_shore_b,
          uniq_jory

Skill      XL: |  1  2  3  4  5  6  7  8  9 10 11 12 13 14 15 16 17 18 19 20 21 22 |
---------------+-------------------------------------------------------------------+-----
Axes           | 4 5 6 7 8 10 11 13 14 15 16 17 18 | 18.7
Fighting       | 4 5 6 7 9 10 12 13 14 15 16 17 18 19 20 21 | 21.6
Armour         | 4 5 6 7 8 9 10 11 12 13 15 17 18 19 20 21 | 21.0
Shields        | 4 5 6 7 8 9 10 11 12 13 15 17 18 19 21 | 21.0
Evocations     | 1 3 4 5 6 8 9 10 11 12 | 12.0
Dodging        | 1 2 4 5 7 8 10 12 13 14 15 16 17 | 17.6
Throwing       | 3 4 5 7 8 9 10 | 10.0

Action                   |  1- 3 |  4- 6 |  7- 9 | 10-12 | 13-15 | 16-18 | 19-21 | 22-24 || total
-------------------------+-------+-------+-------+-------+-------+-------+-------+-------++-------
Melee: War axe           |    41 |   103 |   111 |       |   201 |  1232 |  1272 |    34 ||  2994
       Headbutt          |     5 |    15 |   102 |   160 |   239 |   396 |   514 |    13 ||  1444
       Spear             |       |       |   410 |       |       |       |       |       ||   410
       Flail             |       |       |    71 |    98 |       |       |       |       ||   169
       Morningstar       |       |       |       |   499 |   649 |       |       |       ||  1148
       Whip              |       |       |       |       |    40 |       |       |       ||    40
       Broad axe         |       |       |       |       |       |    31 |       |       ||    31
       Trident           |       |       |       |       |       |       |    29 |       ||    29
Throw: Boomerang         |       |       |    80 |   146 |   284 |   421 |   277 |     2 ||  1210
Invok: Call Merchant     |       |       |       |       |     2 |       |       |       ||     2
Evoke: Wand              |       |       |     8 |    23 |    10 |     4 |     1 |       ||    46
       Condenser vane    |       |       |       |       |       |     2 |       |       ||     2
       Box of beasts     |       |       |       |       |       |     1 |     1 |       ||     2
       Lightning rod     |       |       |       |       |       |     1 |       |       ||     1
       Piece from Xom's  |       |       |       |       |       |       |     4 |       ||     4
  Use: Potion            |     1 |       |     1 |     3 |     3 |     9 |     5 |     3 ||    25
       Scroll            |       |       |     9 |    14 |    11 |    13 |    16 |     2 ||    65
 Stab: Paralysed         |       |       |       |    14 |       |       |       |       ||    14
       Distracted        |       |       |       |     4 |     3 |    17 |    10 |     2 ||    36
       Held in net/web   |       |       |       |       |       |     2 |       |       ||     2
       Petrified         |       |       |       |       |       |     3 |       |       ||     3
       Confused          |       |       |       |       |       |       |     3 |       ||     3
Armor: Scale mail        |    22 |       |       |       |       |       |       |       ||    22
       Chain mail        |     1 |    62 |   306 |       |       |       |       |       ||   369
       Swamp dragon scal |       |       |     7 |   218 |       |       |       |       ||   225
       Plate armour      |       |       |       |    27 |   382 |       |       |       ||   409
       Crystal plate arm |       |       |       |       |   173 |   591 |   380 |    10 ||  1154
Dodge: Dodged            |    18 |    38 |   198 |   291 |   315 |   449 |   404 |    21 ||  1734
Block: Buckler           |     8 |       |       |       |       |       |       |       ||     8
       Tower shield      |     2 |    97 |   490 |   607 |  1128 |  1882 |  1314 |    50 ||  5570
       Reflection        |       |       |       |       |     8 |   103 |    96 |     1 ||   208

Table legend: (Time is in decaauts)
 A = Elapsed time spent in this place.
 B = Non-inter-level travel time spent in this place.
 C = Inter-level travel time spent in this place.
 D = Time resting spent in this place.
 E = Time spent auto-exploring this place.
 F = Levels seen in this place.
 G = Mean time per level.
                   A        B        C        D        E       F      G
               +--------+--------+--------+--------+--------+-----+--------+
         Total |  56572 |  54390 |   2182 |  12421 |  27220 |  45 | 1257.2 |
       Dungeon |  19625 |  18687 |    938 |   5287 |   9248 |  15 | 1308.3 |
        Temple |    221 |    172 |     49 |      0 |    162 |   1 |  221.0 |
          Lair |   8568 |   8072 |    496 |   1677 |   4356 |   5 | 1713.6 |
        Shoals |   4807 |   4671 |    136 |    545 |   2575 |   4 | 1201.8 |
   Spider Nest |   5768 |   5572 |    196 |    954 |   3154 |   4 | 1442.0 |
  Orcish Mines |   1813 |   1689 |    124 |      0 |   1131 |   2 |  906.5 |
   Elven Halls |   4816 |   4691 |    125 |    601 |   2690 |   3 | 1605.3 |
        Depths |   6601 |   6486 |    115 |   2039 |   2642 |   4 | 1650.2 |
         Abyss |    440 |    440 |      0 |     18 |      0 |   2 |  220.0 |
         Sewer |    826 |    826 |      0 |      0 |    649 |   1 |  826.0 |
        Bailey |    528 |    528 |      0 |    122 |    171 |   1 |  528.0 |
      Ice Cave |   1255 |   1255 |      0 |    697 |    336 |   1 | 1255.0 |
       Volcano |    598 |    598 |      0 |    460 |      0 |   1 |  598.0 |
      Gauntlet |    700 |    700 |      0 |     20 |    104 |   1 |  700.0 |
               +--------+--------+--------+--------+--------+-----+--------+

Top non-repeatable levels by time:
Depths:2: 3270 daAuts
     D:6: 2507 daAuts
  Lair:1: 2261 daAuts
  Lair:3: 1980 daAuts
    D:11: 1915 daAuts
Spider:3: 1902 daAuts
Spider:1: 1877 daAuts
   Elf:2: 1802 daAuts
  Lair:5: 1796 daAuts
   Elf:3: 1771 daAuts
Shoals:4: 1762 daAuts
     D:7: 1702 daAuts
     D:9: 1681 daAuts
    D:12: 1652 daAuts
Depths:3: 1588 daAuts
